 Dungeon Crawl Stone Soup version 0.22-a0-825-ga28c36f (webtiles) character file.

167 Amnesiac the Magician (level 5, -2/35 HPs)
             Began as a Mummy Earth Elementalist on July 24, 2018.
             Slain by a river rat (5 damage)
             ... in a sewer.
             The game lasted 00:02:44 (1708 turns).

Amnesiac the Magician (Mummy Earth Elementalist)    Turns: 1708, Time: 00:02:45

Health: -2/35      AC:  2    Str: 12    XL:     5   Next: 23%
Magic:  8/11       EV: 12    Int: 15    God:
Gold:   8          SH:  0    Dex: 12    Spells: 1/12 levels left

rFire    x . .     SeeInvis .   a - +2 whip (elec)
rCold    + . .     Gourm    .   (no shield)
rNeg     + + +     Faith    .   c - +0 robe
rPois    ∞         Spirit   .   (no helmet)
rElec    .         Reflect  .   (no cloak)
rCorr    .         Harm     .   (no gloves)
MR       .....                  (no boots)
Stlth    ++........             (no amulet)
HPRegen  0.11/turn              (no ring)
MPRegen  0.12/turn              (no ring)

@: no status effects
A: no food or potions, fire vulnerability, cold resistance 1, negative energy
resistance 3, torment resistance, unbreathing
a: no special abilities


You were in a sewer.
You were not hungry.

You visited 1 branch of the dungeon, and saw 5 of its levels.
You also visited: Sewer.

You collected 8 gold pieces.

Inventory:

Hand Weapons
 a - a +2 whip of electrocution (weapon)
Missiles
 b - 56 stones (quivered)
Armour
 c - a +0 robe (worn)
Wands
 h - a wand of digging (19)
Scrolls
 d - a scroll of teleportation {!r, unknown}
 i - a scroll of identify {!r, unknown}


   Skills:
 - Level 1.5 Dodging
 - Level 1.5 Stealth
 + Level 4.3 Spellcasting
 - Level 0.7 Transmutations
 * Level 4.3 Earth Magic


You had one spell level left.
You knew the following spells:

 Your Spells              Type           Power        Failure   Level  Hunger
a - Sandblast             Erth           ###...       3%          1    N/A
b - Passwall              Tmut/Erth      ##......     10%         2    N/A
c - Stone Arrow           Conj/Erth      #.....       22%         3    N/A
d - Lee's Rapid Deconstr  Erth           ###.......   63%         5    N/A

Your spell library contained the following spells:

 Spells                   Type           Power        Failure   Level  Hunger
 Petrify                  Tmut/Erth      ##......     52%         4    N/A

Dungeon Overview and Level Annotations

Branches:
Dungeon (5/15)
 Temple: D:4-7

Altars:
Hepliaklqana

Annotations:
D:4 exclusion: ogre


Innate Abilities, Weirdness & Mutations

You do not eat or drink.
Your flesh is vulnerable to fire.
You are immune to poison.
Your flesh is cold resistant. (rC+)
You are immune to negative energy. (rN+++)
You are immune to unholy pain and torment.
You can survive without breathing.


Message History

Moving in this stuff is going to be slow.
d - a scroll labeled TELALAUMOSS {!r} You enter the shallow water.
Moving in this stuff is going to be slow.
You enter the shallow water.
Moving in this stuff is going to be slow.
You enter the shallow water.
Moving in this stuff is going to be slow.
You enter the shallow water.
Moving in this stuff is going to be slow.
A river rat and a kobold come into view.
There are monsters nearby!
There are monsters nearby!
There are monsters nearby!
You enter the shallow water.
Moving in this stuff is going to be slow.
The kobold shouts!
The river rat completely misses you.
Your unstable footing causes you to fumble your attack.
The river rat completely misses you.
You hit the river rat.
The river rat is moderately wounded.
The river rat bites you! The river rat barely misses you.
You closely miss the river rat.
The river rat is moderately wounded.
The river rat bites you! The river rat bites you.
* * * LOW HITPOINT WARNING * * *
Your unstable footing causes you to fumble your attack.
The river rat bites you!
* * * LOW HITPOINT WARNING * * *
You are too injured to fight recklessly!
You are too injured to fight recklessly!
Casting: Sandblast (safe; 3% risk of failure)
Confirm with . or Enter, or press ? or * to list all spells.
Aiming: Sandblast (safe; 3% risk of failure)
Press: ? - help, Shift-Dir - straight line, f - river rat
Aim: a river rat (lightly wounded)
The blast of sand hits the river rat.
The river rat is lightly wounded.
b - 58 stones The river rat bites you.
* * * LOW HITPOINT WARNING * * *
Casting: Sandblast (safe; 3% risk of failure)
Confirm with . or Enter, or press ? or * to list all spells.
Aiming: Sandblast (safe; 3% risk of failure)
Press: ? - help, Shift-Dir - straight line, f/p - river rat
Aim: a river rat (lightly wounded)
The blast of sand hits the river rat.
The river rat is almost dead.
b - 57 stones The river rat closely misses you.
Unknown command.
Casting: Sandblast (safe; 3% risk of failure)
Confirm with . or Enter, or press ? or * to list all spells.
Aiming: Sandblast (safe; 3% risk of failure)
Press: ? - help, Shift-Dir - straight line, f/p - river rat
Aim: a river rat (almost dead)
The blast of sand hits the river rat.
The river rat is almost dead.
b - 56 stones The river rat bites you.
You die...

≈..####≈≈≈≈≈≈≈≈.###
#####..≈≈≈.≈≈≈≈≈.≈##
#..≈≈≈#####≈≈≈≈≈#
#≈.≈.## ##.≈≈≈#
#.≈.## ##..≈# #≈≈.#
#.≈≈# #.≈≈# #.≈≈#
##≈≈.## ##≈≈≈##
#≈≈≈.≈# #≈@≈.≈#
#.###≈# #r###≈# #≈#
#≈# #K# #≈#
##≈###.## #≈###.##
#≈.≈#≈≈≈# #≈.≈#≈.≈#
#≈#≈#≈#≈# #≈#≈#≈#≈#
#≈#†#≈#≈# #≈ ≈#≈#≈#
#≈#≈#≈#≈# #≈ ≈#≈#≈#
#.#.#.#.# #. .#.#.#


You could see a river rat and a kobold.

Vanquished Creatures
  A big kobold (Sewer)
  4 adders (Sewer)
  4 oozes (Sewer)
  4 worms
  2 dart slugs
  2 leopard geckos (D:4)
  3 ball pythons
  3 giant cockroaches (D:4)
  A goblin (D:1)
  2 hobgoblins (D:1)
  A jackal (D:4)
  A kobold (Sewer)
  2 bats
  2 frilled lizards
  3 rats
35 creatures vanquished.

Notes
Turn   | Place    | Note
-------+----------+-------------------------------------------
     0 | D:1      | Amnesiac the Mummy Earth Elementalist began the quest for the Orb.
     0 | D:1      | Reached XP level 1. HP: 13/13 MP: 4/4
   371 | D:2      | Reached XP level 2. HP: 14/19 MP: 1/5
   405 | D:2      | Learned a level 2 spell: Passwall
   507 | D:4      | Noticed an ogre
   518 | D:4      | Found a hazy altar of Hepliaklqana.
   562 | D:5      | Entered Level 5 of the Dungeon
   615 | D:4      | Reached XP level 3. HP: 1/24 MP: 0/7
   620 | D:4      | Learned a level 3 spell: Stone Arrow
   662 | D:4      | Found a glowing drain.
   668 | Sewer    | Entered a sewer
  1276 | Sewer    | Reached XP level 4. HP: 24/30 MP: 9/9
  1292 | Sewer    | Noticed a big kobold
  1314 | Sewer    | Killed a big kobold
  1314 | Sewer    | Reached XP level 5. HP: 13/35 MP: 9/11
  1321 | Sewer    | Learned a level 5 spell: Lee's Rapid Deconstruction
  1708 | Sewer    | Slain by a river rat

Vault maps used:
D:1:      scummos_arrival_hexagon, minmay_heptomino_h4
D:2:      first_ration, supply_closet_lemuel
D:3:      chequers_ecumenical_altar_simple_redux, nemelex_spade_bored_becter,
          uniq_natasha, uniq_ijyb
D:4:      overflow_temple_1_default, minmay_temple_entry_statues_fountains,
          gup_sewer_entry_pipe, uniq_robin
D:5:      serial_shops, shop
Sewer:    sewer_co_tree

Skill      XL: |  1  2  3  4 |
---------------+-------------+-----
Spellcasting   | 3 4 |  4.3
Earth Magic    | 3 4 |  4.3
Dodging        | |  1.5
Stealth        | |  1.5
Transmutations | |  0.7

Action                   |  1- 3 |  4- 6 || total
-------------------------+-------+-------++-------
Melee: Dagger            |    19 |       ||    19
       Whip              |    43 |    39 ||    82
 Cast: Sandblast         |    14 |     3 ||    17
       Passwall          |     2 |       ||     2
  Use: Scroll            |     4 |       ||     4
 Stab: Sleeping          |     1 |       ||     1
Armor: Robe              |     9 |     5 ||    14
Dodge: Dodged            |    54 |    20 ||    74

Table legend:
 A = Spawn XP
 B = Non-spawn XP
 C = Spawn XP percentage of total XP
 D = Spawn monster count
 E = Non-spawn monster count
 F = Spawn count percentage of total count
 G = Total turns spent on level
                    A         B        C        D         E        F      G
               +---------+---------+-------+---------+---------+-------+---------
         Total |       0 |     239 |   0.0 |       0 |      35 |   0.0 |  1708
               +---------+---------+-------+---------+---------+-------+---------
           D:1 |       0 |       9 |   0.0 |       0 |       6 |   0.0 |   338
           D:2 |       0 |       7 |   0.0 |       0 |       3 |   0.0 |    88
           D:3 |       0 |       2 |   0.0 |       0 |       1 |   0.0 |    16
           D:4 |       0 |      24 |   0.0 |       0 |       9 |   0.0 |   223
         Sewer |       0 |     197 |   0.0 |       0 |      16 |   0.0 |  1040
               +---------+---------+-------+---------+---------+-------+---------
